 Dungeon Crawl Stone Soup version 0.28.0 (webtiles) character file.

Game seed: 3217639984943681157

238 Crownlay the Digger (level 6, -4/32 HPs)
             Began as a Gargoyle Earth Elementalist on Feb 18, 2022.
             Killed by miscasting Stone Arrow (6 damage)
             ... on level 3 of the Dungeon.
             The game lasted 00:04:17 (2963 turns).

Crownlay the Digger (Gargoyle Earth Elementalist)   Turns: 2963, Time: 00:04:18

Health: -4/32      AC:  8    Str: 12    XL:     6   Next: 7%
Magic:  0/13       EV: 11    Int: 17    God:
Gold:   94         SH:  0    Dex: 10    Spells: 8/14 levels left

rFire   . . .      SeeInvis .   e - +3 mace
rCold   . . .      Faith    .   (no shield)
rNeg    + . .      Spirit   .   b - +0 robe
rPois   ∞          Reflect  .   (no helmet)
rElec   +          Harm     .   g - +0 cloak
rCorr   .          Rampage  .   (no gloves)
Will    .....                   j - +0 pair of boots
Stlth   ++........              (no amulet)
HPRegen 0.10/turn               q - +4 ring of slaying
MPRegen 0.13/turn               (no ring)

@: very slightly contaminated
A: sickness immunity, AC +4, negative energy resistance 1, electricity
resistance, torment resistance 1, petrification resistance
a: no special abilities


You were on level 3 of the Dungeon.
You visited 1 branch of the dungeon, and saw 3 of its levels.
You also visited: Sewer.

You collected 152 gold pieces.
You spent 58 gold pieces at shops.

Inventory:

Hand Weapons
 e - a +3 mace (weapon)
Missiles
 c - 109 stones
Armour
 b - a +0 robe (worn)
 g - a +0 cloak (worn)
 j - a +0 pair of boots (worn)
Jewellery
 q - a +4 ring of slaying (left hand)
Scrolls
 a - a scroll of blinking {unknown}
 d - 4 scrolls of identify
 f - 4 scrolls of fear
 h - a scroll of vulnerability {unknown}
 k - a scroll of enchant armour
 l - a scroll of fog {unknown}
 n - a scroll of immolation {unknown}
Potions
 i - a potion of ambrosia {unknown}
 m - a potion of cancellation {unknown}
 o - a potion of attraction {unknown}
 p - a potion of haste {unknown}


   Skills:
 - Level 1.5 Dodging
 - Level 2.1 Stealth
 * Level 4.7 Spellcasting
 + Level 0.3 Summonings
 - Level 0.7 Transmutations
 + Level 5.3 Earth Magic


You had 8 spell levels left.
You knew the following spells:

 Your Spells              Type           Power      Damage    Failure   Level
a - Sandblast             Erth           44%        2d11      1%          1
b - Passwall              Tmut/Erth      11%        N/A       6%          2
c - Stone Arrow           Conj/Erth      26%        3d8       14%         3

Your spell library contained the following spells:

 Spells                   Type           Power      Damage    Failure   Level
 Petrify                  Tmut/Erth      14%        N/A       38%         4
 Frozen Ramparts          Ice            8%         1d2       41%         3
 Ice Form                 Ice/Tmut       5%         N/A       77%         4
 Summon Ice Beast         Ice/Summ       4%         N/A       80%         4


Dungeon Overview and Level Annotations

Branches:
Dungeon (3/15)              Sewer (visited)

Altars:
Xom

Shops:
D:1 *

Annotations:
D:3 Terence


Innate Abilities, Weirdness & Mutations

You are immune to sickness and miasma.
Your stone body is resilient. (AC +4)
You are immune to poison.
You resist negative energy. (rN+)
You are resistant to electric shocks. (rElec)
You are resistant to unholy torment.
You are immune to petrification.


Message History

Press: ? - help, Shift-Dir - straight line, f/p - Terence
Aim: Terence, wielding a +1 flail of protection and wearing a +0 scale mail (moderately wounded, 72% to hit)
The stone arrow hits Terence.
Terence is heavily wounded.
Terence hits you with a +1 flail of protection.
Casting: Stone Arrow (quite dangerous; 14% risk of failure)
Confirm with . or Enter, or press ? or * to list all spells.
The spell is quite dangerous to miscast (14% risk of failure)!
Continue anyway?
Aiming: Stone Arrow (quite dangerous; 14% risk of failure)
Press: ? - help, Shift-Dir - straight line, f/p - Terence
Aim: Terence, wielding a +1 flail of protection and wearing a +0 scale mail (heavily wounded, 72% to hit)
The stone arrow hits Terence but does no damage.
Terence is heavily wounded.
Terence hits you with a +1 flail of protection.
You are too injured to fight recklessly!
Press: ? - help, v - describe, . - travel
Here: Terence, wielding a +1 flail of protection and wearing a +0 scale mail (heavily wounded)
The floor.
You hit Terence but do no damage.
Terence is heavily wounded.
Terence hits you with a +1 flail of protection!
* * * LOW HITPOINT WARNING * * *
Terence hits you but does no damage.
You hit Terence.
Terence is severely wounded.
Terence hits you but does no damage.
You hit Terence.
Terence is almost dead.
Terence hits you with a +1 flail of protection.
* * * LOW HITPOINT WARNING * * *
Casting: Stone Arrow (quite dangerous; 14% risk of failure)
Confirm with . or Enter, or press ? or * to list all spells.
The spell is quite dangerous to miscast (14% risk of failure)!
Continue anyway?
Aiming: Stone Arrow (quite dangerous; 14% risk of failure)
Press: ? - help, Shift-Dir - straight line, f/p - Terence
Aim: Terence, wielding a +1 flail of protection and wearing a +0 scale mail (almost dead, 72% to hit)
You miscast Stone Arrow.
You are very lightly contaminated with residual magic.
Energy rips through your body.
You die...

## .. #. #. ## #....< .
# #. .# #..... .. #.#.
.# #..... ...#.#@###.#
#..... .......@...####
#..... ........#.....#
#.....
..............#.###.....
.......#......#.........
.[.....#......#..#......
.......#......# #......
.......#......#..#.#####
.......##.#####..#.#
..(....#....###..#.#####


You could see Terence.

Vanquished Creatures
  Pargi (Sewer)
  8 adders
  A worm (D:3)
  2 dart slugs (D:1)
  7 ball pythons
  6 endoplasms
  A giant cockroach (D:2)
  5 goblins
  7 hobgoblins
  3 jackals (D:2)
  6 kobolds
  A quokka (D:1)
  11 bats
  5 frilled lizards (D:1)
  4 rats
68 creatures vanquished.

Notes
Turn   | Place    | Note
-------+----------+-------------------------------------------
     0 | D:1      | Crownlay the Gargoyle Earth Elementalist began the quest
                  | for the Orb.
     0 | D:1      | Reached XP level 1. HP: 10/10 MP: 3/3
   167 | D:1      | Reached XP level 2. HP: 9/15 MP: 1/5
   420 | D:1      | Reached skill level 4 in Earth Magic
   423 | D:1      | You fall into a shaft and drop 1 floor!
   443 | D:2      | Found a shimmering altar of Xom.
   559 | D:2      | Reached XP level 3. HP: 17/19 MP: 7/7
  1144 | D:1      | Reached XP level 4. HP: 24/24 MP: 9/9
  1151 | D:1      | Learned a level 2 spell: Passwall
  1155 | D:1      | Learned a level 3 spell: Stone Arrow
  1210 | D:1      | Found Saedor's Assorted Antiques.
  1250 | D:1      | Bought a scroll labelled ESUEGOR KEPA for 29 gold pieces
  1250 | D:1      | Bought a scroll labelled ZEMELOPEFI for 29 gold pieces
  2070 | D:3      | Found a glowing drain.
  2087 | Sewer    | Entered a sewer
  2458 | Sewer    | Noticed Pargi
  2464 | Sewer    | Killed Pargi
  2465 | Sewer    | Reached skill level 5 in Earth Magic
  2465 | Sewer    | Reached XP level 5. HP: 18/28 MP: 4/11
  2736 | D:3      | Reached XP level 6. HP: 32/32 MP: 11/13
  2952 | D:3      | Noticed Terence
  2963 | D:3      | Killed by miscasting Stone Arrow

Illustrated notes

Levels and vault maps discovered:
D:1:      amcnicky_arrival_underground_garden, layout_basic, serial_shops,
          shop_coins
D:2:      layout_loops_ring, basic_altar, minmay_pentomino_t4
D:3:      layout_basic, vehumet_altar_wand_db, cheibrodos_sewer_entry_sluice,
          serial_shops, nicolae_shop_window_shopping,
          shapermc_ecumenical_altar_mp_vishouse, minivault_25,
          amcnicky_mini_rare_corridor_liquid, minmay_snake_closets, uniq_terence

Skill      XL: |  1  2  3  4 |
---------------+-------------+-----
Earth Magic    | 4 5 |  5.3
Spellcasting   | 3 4 |  4.7
Dodging        | |  1.5
Stealth        | |  2.1
Summonings     | |  0.3
Transmutations | |  0.7

Action                   |  1- 3 |  4- 6 || total
-------------------------+-------+-------++-------
Melee: Dagger            |    20 |       ||    20
       Mace              |    69 |    81 ||   150
       Punch             |       |     2 ||     2
 Cast: Sandblast         |     4 |    10 ||    14
       Stone Arrow       |       |     3 ||     3
  Use: Scroll            |       |     2 ||     2
 Stab: Sleeping          |     3 |     7 ||    10
Armor: Robe              |    36 |    42 ||    78
Dodge: Dodged            |    71 |    67 ||   138
